 Dungeon Crawl Stone Soup version 0.29-a0-231-g945431f764 (webtiles) character file.

Game seed: 8117291145257584989

32 uselesstheremin the Cudgeller (level 3, -1/29 HPs)
             Began as a Human Berserker on Feb 28, 2022.
             Was a Follower of Trog.
             Slain by a goblin
             ... wielding a +0 club
              (4 damage)
             ... on level 3 of the Dungeon.
             The game lasted 00:03:31 (162 turns).

uselesstheremin the Cudgeller (Human Berserker)      Turns: 162, Time: 00:03:31

Health: -1/29      AC:  3    Str: 19    XL:     3   Next: 45%
Magic:  3/3        EV: 12    Int:  7    God:    Trog [*.....]
Gold:   12         SH:  0    Dex: 12    Spells: 2/2 levels left

rFire   . . .      SeeInvis .   a - +0 mace
rCold   . . .      Faith    .   (no shield)
rNeg    . . .      Spirit   .   b - +0 animal skin
rPois   .          Reflect  .   (no helmet)
rElec   .          Harm     .   d - +0 cloak
rCorr   .          Rampage  .   (no gloves)
Will    .....                   (no boots)
Stlth   +.........              (no amulet)
HPRegen 0.09/turn               (no ring)
MPRegen 0.08/turn               (no ring)

@: on berserk cooldown, slowed, very slow
A: no striking features
a: Renounce Religion, Berserk


You were on level 3 of the Dungeon.
You worshipped Trog.
Trog was aware of your devotion.
You visited 1 branch of the dungeon, and saw 3 of its levels.

You collected 12 gold pieces.

Inventory:

Hand Weapons
 a - a +0 mace (weapon)
Missiles
 f - 17 stones (quivered)
Armour
 b - a +0 animal skin (worn)
 d - a +0 cloak (worn)
Scrolls
 c - a scroll of teleportation {unknown}
 e - a scroll of amnesia {unknown}
Potions
 g - a potion of resistance {unknown}


   Skills:
 + Level 3.5 Fighting
 + Level 3.5 Maces & Flails
 + Level 2.1 Armour
 + Level 2.2 Dodging


You had 2 spell levels left.
You didn't know any spells.
Your spell library was empty.

Dungeon Overview and Level Annotations

Branches:
Dungeon (3/15)

Altars:


Message History

You sock the gnoll!
The gnoll is almost dead.
The gnoll closely misses you. The gnoll hits you with a +0 club.
You hit the gnoll.
You kill the gnoll!
Trog accepts your kill. The gnoll hits you with a +0 club.
You have reached level 2!
You thump the gnoll!
The gnoll is severely wounded.
The gnoll hits you with a +0 club.
* * * LOW HITPOINT WARNING * * *
You sock the gnoll!
You kill the gnoll!
Trog accepts your kill. The gnoll hits you with a +0 club.
* * * LOW HITPOINT WARNING * * *
You have reached level 3!
Your experience leads to an increase in your attributes!
Increase (S)trength, (I)ntelligence, or (D)exterity?
Uppercase letters only, please.
You feel stronger. x2
You sock the gnoll!
You kill the gnoll!
Trog accepts your kill.
You see here a +0 club.
You feel a strong urge to attack something.
g - a smoky grey potion You are no longer berserk.
You are exhausted.
You feel yourself slow down.
A goblin comes into view. It is wielding a +0 club.
The goblin shouts!
The goblin hits you with a +0 club.
* * * LOW HITPOINT WARNING * * *
The goblin closely misses you. The goblin closely misses you.
The goblin hits you with a +0 club.
You die...

#...<..†... #. ###.####..#
..# ##.### #........ #..
....# # ######... #.#
#.#.##.# ##.. #.# #....#.#
#.. #.# #......# #.. #.#
#...# #..
#.#######@..############..
#.......g.#...............
#.#######)..##############
#.# ##)## #.# #.# #.. ..#
### ####


You could see a goblin.

Vanquished Creatures
  3 gnolls (D:3)
  A dart slug (D:3)
  A rat (D:3)
5 creatures vanquished.

Notes
Turn   | Place    | Note
-------+----------+-------------------------------------------
     0 | D:1      | uselesstheremin the Human Berserker began the quest for the
                  | Orb.
     0 | D:1      | Reached XP level 1. HP: 18/18 MP: 1/1
   140 | D:3      | Reached XP level 2. HP: 15/24 MP: 2/2
   142 | D:3      | Reached XP level 3. HP: 7/29 MP: 3/3
   162 | D:3      | Slain by a goblin

Illustrated notes

Levels and vault maps discovered:
D:1:      saegor_arrival_simple_d, layout_loops_ring, patterned_corridor
D:2:      layout_basic, nicolae_ecumenical_lake_church, serial_co_window_serial,
          co_window_paths_b, co_window_corner_a, co_window_paths_b,
          co_window_paths_a, co_window_paths_a, co_window_paths_b,
          co_window_corner_a, co_window_corner_a, co_window_paths_a,
          co_window_2corner, co_window_corner_b, co_window_corner_b,
          co_window_broadway_c, co_window_paths_c, co_window_2corner,
          co_window_paths_d, co_window_paths_e, serial_shops,
          nicolae_shop_window_shopping
D:3:      layout_loops_ring, ashenzari_altar_1, elyvilon_altar_5,
          mainiacjoe_overflow_large_starburst, serial_shops, shop, shop,
          kennysheep_doodads

Action                   || total
-------------------------++-------
Melee: Mace              ||    10
Invok: Berserk           ||     1
Armor: Animal skin       ||     2
Dodge: Dodged            ||     4

Table legend: (Time is in decaauts)
 A = Elapsed time spent in this place.
 B = Non-inter-level travel time spent in this place.
 C = Inter-level travel time spent in this place.
 D = Time resting spent in this place.
 E = Time spent auto-exploring this place.
 F = Levels seen in this place.
 G = Mean time per level.
                   A        B        C        D        E       F      G
               +--------+--------+--------+--------+--------+-----+--------+
         Total |    167 |    167 |      0 |      0 |     16 |   3 |   55.7 |
       Dungeon |    167 |    167 |      0 |      0 |     16 |   3 |   55.7 |
               +--------+--------+--------+--------+--------+-----+--------+

Top non-repeatable levels by time:
     D:2: 86 daAuts
     D:3: 72 daAuts
     D:1: 8 daAuts
